 Dungeon Crawl Stone Soup version 0.16.1-12-gf5c4a84 (webtiles) character file.

322 EmilioHeskey the Covered (level 6, 0/49 HPs)
             Began as a Formicid Fighter on Apr 8, 2015.
             Slain by a gnoll (4 damage)
             ... on level 4 of the Dungeon.
             The game lasted 00:11:37 (2640 turns).

EmilioHeskey the Covered (Formicid Fighter)         Turns: 2640, Time: 00:11:37

Health: 0/49       AC:  7    Str: 20    XL:     6   Next: 76%
Magic:  8/8        EV:  8    Int:  8    God:
Gold:   248        SH:  9    Dex: 10    Spells: 0 memorised, 5 levels left

rFire  . . .     SeeInvis +     a - +0 war axe
rCold  . . .     Clarity  .     b - +0 scale mail
rNeg   + . .     SustAb   .     c - +0 shield
rPois  .         Gourm    .     (helmet unavailable)
rElec  .         Spirit   .     (no cloak)
rCorr  .         Warding  .     (no gloves)
rMut   .         Stasis   +     (no boots)
MR     .....                    (no amulet)
Stlth  ..........               (no ring)
                                i - ring of positive energy

@: not resistant to hostile enchantments, extremely unstealthy
A: permanent stasis, dig shafts and tunnels, four strong arms, antennae 3, weak
1
a: Dig, Shaft Self


You were on level 4 of the Dungeon.
You were not hungry.

You visited 1 branch of the dungeon, and saw 4 of its levels.

You collected 248 gold pieces.

Inventory:

Hand weapons
 a - a +0 war axe (weapon)
Armour
 b - a +0 scale mail (worn)
 c - a +0 shield (worn)
Jewellery
 i - a ring of positive energy (left hand)
 k - an uncursed ring of positive energy
 u - an uncursed ring of protection from fire {unknown}
Magical devices
 w - a wand of magic darts (19)
Scrolls
 f - 3 scrolls of identify {unknown}
 j - a scroll of blinking {unknown}
 l - a scroll of fog {unknown}
 m - a scroll of enchant armour {unknown}
 p - 2 scrolls of recharging {unknown}
 q - a scroll of noise {unknown}
 v - a scroll of teleportation {unknown}
Potions
 e - a potion of might
 h - a potion of restore abilities
 n - a potion of invisibility
Comestibles
 d - 4 bread rations
 g - 3 meat rations
 o - 2 beef jerkies
 r - a slice of pizza
 t - a royal jelly
 z - 2 chunks of flesh


   Skills:
 + Level 4.6 Fighting
 + Level 3.7 Axes
 + Level 5.0 Armour
 + Level 5.0 Shields


You had 5 spell levels left.
You didn't know any spells.

Dungeon Overview and Level Annotations

Branches:
Dungeon (4/15)
 Temple: D:4-7

Altars:
Ru


Innate Abilities, Weirdness & Mutations

You are under a permanent stasis effect.
You can dig through walls and to a lower floor.
Your four strong arms can wield two-handed weapons with a shield.
You have a pair of large antennae on your head (SInv).
You are weak. (Str -2)


Message History

The gnoll hits you.
* * * LOW HITPOINT WARNING * * *
The gnoll hits you.
* * * LOW HITPOINT WARNING * * *
You block the gnoll's attack. The gnoll barely misses you.
The gnoll barely misses you.
You are too injured to fight recklessly!
You are too injured to fight recklessly!
You are too injured to fight recklessly!
You are too injured to fight recklessly!
You closely miss the gnoll. You hit the gnoll.
The gnoll is heavily wounded.
The gnoll barely misses you. You block the gnoll's attack.
The gnoll hits you but does no damage.
You closely miss the gnoll. x2
The gnoll is heavily wounded.
You block the gnoll's attack. The gnoll hits you.
* * * LOW HITPOINT WARNING * * *
The gnoll hits you.
You die...

#............######
#.........### # ..
####.........# ##
#..##.....##..##..######.
#........###...###.......
##........# ##..# #.#####
........)## #..# ##
####.....## ##.# #.....@#
.# #....gg# .# #..#!..#g
. #.###..#.. .. #..#...
#.....#. #...###.# ##.. #


You could see 3 gnolls.

Vanquished Creatures
  A sky beast (D:3)
  A centaur skeleton (D:3)
  Jessica (D:3)
  Robin (D:4)
  9 adders
  A gnoll (D:4)
  2 worms
  3 giant geckos
  2 oozes
  An orc (D:3)
  3 giant cockroaches
  11 goblins
  8 hobgoblins
  2 jackals (D:2)
  12 kobolds
  A quokka (D:4)
  6 bats
  8 giant newts
  5 rats
78 creatures vanquished.

Notes
Turn   | Place    | Note
--------------------------------------------------------------
     0 | D:1      | EmilioHeskey, the Formicid Fighter, began the quest for the Orb.
     0 | D:1      | Reached XP level 1. HP: 18/18 MP: 1/1
    93 | D:1      | Reached XP level 2. HP: 24/24 MP: 3/3
   543 | D:2      | Reached skill level 4 in Shields
   543 | D:2      | Reached XP level 3. HP: 28/30 MP: 4/4
   755 | D:2      | Reached XP level 4. HP: 19/37 MP: 5/5
  1085 | D:2      | Found a sacrificial altar of Ru.
  1775 | D:3      | Reached XP level 5. HP: 32/42 MP: 7/7
  1910 | D:3      | Noticed a sky beast
  1925 | D:3      | Killed a sky beast
  1925 | D:3      | Reached XP level 6. HP: 23/49 MP: 8/8
  1939 | D:3      | Gained mutation: You are weak. (Str -2) [mutagenic meat]
  2139 | D:3      | Noticed Jessica
  2147 | D:3      | Killed Jessica
  2413 | D:4      | Reached skill level 5 in Shields
  2467 | D:4      | Noticed Robin
  2479 | D:4      | Killed Robin
  2525 | D:4      | Reached skill level 5 in Armour
  2640 | D:4      | Slain by a gnoll

Action                   |  1- 3 |  4- 6 || total
-------------------------+-------+-------++-------
Melee: War axe           |    84 |   173 ||   257
  Use: Potion            |       |     6 ||     6
 Stab: Paralysed         |       |     1 ||     1
  Eat: Chunk             |       |     7 ||     7
